 Dungeon Crawl Stone Soup version 0.28.0-53-g5a82cb258f (webtiles) character file.

Game seed: 14504327208101888131

57 issech the Chopper (level 3, -2/33 HPs)
             Began as a Minotaur Monk on June 17, 2022.
             Engulfed by a steam dragon's steam (8 damage)
             ... on level 4 of the Dungeon.
             The game lasted 00:04:54 (2336 turns).

issech the Chopper (Minotaur Monk)                  Turns: 2336, Time: 00:04:55

Health: -2/33      AC:  5    Str: 15    XL:     3   Next: 73%
Magic:  2/2        EV: 12    Int:  7    God:
Gold:   167        SH:  0    Dex: 14    Spells: 2/2 levels left

rFire   . . .      SeeInvis .   a - +0 hand axe
rCold   . . .      Faith    .   (no shield)
rNeg    . . .      Spirit   .   i - +0 ring mail
rPois   .          Reflect  .   (helmet restricted)
rElec   .          Harm     .   (no cloak)
rCorr   .          Rampage  .   (no gloves)
Will    .....                   (no boots)
Stlth   +.........              (no amulet)
HPRegen 0.11/turn               (no ring)
MPRegen 0.08/turn               (no ring)

@: no status effects
A: horns 2, retaliatory headbutt
a: no special abilities


You were on level 4 of the Dungeon.
You visited 1 branch of the dungeon, and saw 4 of its levels.

You collected 167 gold pieces.

Inventory:

Hand Weapons
 a - a +0 hand axe (weapon)
 k - a +0 hunting sling
Missiles
 c - 108 stones (quivered)
 d - 39 bolts
 l - 32 sling bullets
 o - 23 arrows
Armour
 b - a +0 robe
 i - a +0 ring mail (worn)
Scrolls
 e - a scroll of enchant weapon {unknown}
 f - a scroll of noise {unknown}
 g - a scroll of fear {unknown}
 j - 3 scrolls of identify {unknown}
 m - a scroll of brand weapon {unknown}
Potions
 h - a potion of mutation {unknown}
 n - a potion of curing {unknown}


   Skills:
 + Level 4.3 Fighting
 + Level 4.5 Axes
 + Level 0.6 Armour
 + Level 3.8 Dodging
 + Level 1.7 Stealth


You had 2 spell levels left.
You didn't know any spells.
Your spell library contained the following spells:

 Spells                   Type           Power      Damage    Failure   Level
 Freeze                   Ice            0%         1d3       67%         1
 Frozen Ramparts          Ice            0%         1d2       95%         3
 Hailstorm                Conj/Ice       0%         3d3       100%        4


Dungeon Overview and Level Annotations

Branches:
Dungeon (4/15)
 Temple: D:4-7

Altars:
Vehumet

Annotations:
D:2 1 runed translucent door, Crazy Yiuf


Innate Abilities, Weirdness & Mutations

You have a pair of horns on your head.
You reflexively headbutt those who attack you in melee.


Message History

The goblin hits you with a +0 dagger.
You hit the goblin.
The goblin is heavily wounded.
The goblin hits you with a +0 dagger.
You completely miss the goblin. Your headbutt misses the goblin.
The goblin is heavily wounded.
The goblin hits you but does no damage.
You hit the goblin.
You kill the goblin!
You see here a +0 dagger.
Found a radiant altar of Vehumet.
You now have 147 gold pieces (gained 14).
You see here a +0 robe.
There is a stone staircase leading down here.
There is an escape hatch in the ceiling here.
There is an escape hatch in the floor here.
You now have 161 gold pieces (gained 14).
You now have 167 gold pieces (gained 6).
Done exploring.
Done exploring.
There is a stone staircase leading down here.
You climb downwards.
There is a stone staircase leading up here.
A steam dragon comes into view.
The steam dragon hisses angrily.
You hit the steam dragon. Your headbutt misses the steam dragon.
The steam dragon is lightly wounded.
The steam dragon breathes steam at you. The ball of steam hits you!
You hit the steam dragon but do no damage.
You headbutt the steam dragon, but do no damage.
The steam dragon is lightly wounded.
You are engulfed in a cloud of scalding steam.
* * * LOW HITPOINT WARNING * * *
The steam dragon misses you.
The steam dragon claws you but does no damage.
You hit the steam dragon but do no damage.
The steam dragon is lightly wounded.
You are engulfed in a cloud of scalding steam.
You die...

#.# #.# #.#
#.# #.####
..
#.##.###....
#D#.<.......
#@##.#####.#
#.ยง..#
######


You could see a steam dragon.

Vanquished Creatures
  A worm (D:2)
  2 bats (D:1)
  8 endoplasms
  3 giant cockroaches
  9 goblins
  4 hobgoblins
  2 jackals (D:2)
  4 quokkas
  4 ball pythons
  A frilled lizard (D:2)
  A kobold (D:2)
  6 rats
45 creatures vanquished.

Notes
Turn   | Place    | Note
-------+----------+-------------------------------------------
     0 | D:1      | issech the Minotaur Monk began the quest for the Orb.
     0 | D:1      | Reached XP level 1. HP: 19/19 MP: 0/0
    20 | D:1      | Noticed a minotaur skeleton
   437 | D:1      | Reached XP level 2. HP: 27/27 MP: 1/1
  1120 | D:2      | Reached XP level 3. HP: 30/33 MP: 2/2
  1623 | D:2      | Found a runed translucent door.
  1624 | D:2      | Noticed Crazy Yiuf
  1967 | D:3      | Found a faded altar of an unknown god.
  2033 | D:3      | Found a radiant altar of Vehumet.
  2332 | D:4      | Noticed a steam dragon
  2336 | D:4      | Engulfed by a steam dragon's steam

Illustrated notes

Levels and vault maps discovered:
D:1:      shiori_arrival_whats_in_store_for_you, layout_rooms, serial_glass,
          glass_columns_b, glass_columns_c, glass_columns_a, glass_columns_b
D:2:      layout_rooms, uniq_crazy_yiuf_cottage
D:3:      layout_basic, vehumet_crystals, ebering_ecumenical_altar_sacrificial
D:4:      layout_loops_corners, mainiacjoe_overflow_cross_hatched,
          nicolae_ashenzari_skybound, uniq_ijyb, uniq_robin, uniq_edmund

Skill      XL: |  1  2 |
---------------+-------+-----
Axes           | 4 |  4.5
Fighting       | 4 |  4.3
Armour         | |  0.6
Dodging        | |  3.8
Stealth        | |  1.7

Action                   || total
-------------------------++-------
Melee: Hand axe          ||    92
       Headbutt          ||    18
       Punch             ||     1
 Stab: Sleeping          ||     1
Armor: Robe              ||     5
       Ring mail         ||    24
Dodge: Dodged            ||    72
